 Dungeon Crawl Stone Soup version 0.23-a0-644-gb60d84b (webtiles) character file.

35 Borgoz the Sneak (level 3, 0/24 HPs)
             Began as a Halfling Assassin on Jan 2, 2019.
             Slain by a worm (9 damage)
             ... on level 2 of the Dungeon.
             The game lasted 00:02:15 (1278 turns).

Borgoz the Sneak (Halfling Assassin)                Turns: 1278, Time: 00:02:15

Health: 0/24       AC:  3    Str: 12    XL:     3   Next: 55%
Magic:  3/3        EV: 15    Int:  9    God:
Gold:   26         SH:  0    Dex: 19    Spells: 2/2 levels left

rFire    . . .     SeeInvis .   a - +2 dagger
rCold    . . .     Gourm    .   (shield restricted)
rNeg     . . .     Faith    .   c - +0 robe
rPois    .         Spirit   .   (no helmet)
rElec    .         Reflect  .   d - +0 cloak
rCorr    .         Harm     .   (no gloves)
MR       .....                  (no boots)
Stlth    +++.......             (no amulet)
HPRegen  0.08/turn              o - +3 ring of dexterity
MPRegen  0.08/turn              (no ring)

@: no status effects
A: small, mutation resistance 1
a: no special abilities


You were on level 2 of the Dungeon.
You were not hungry.

You visited 1 branch of the dungeon, and saw 2 of its levels.

You collected 26 gold pieces.

Inventory:

Hand Weapons
 a - a +2 dagger (weapon)
 b - a +0 blowgun
Missiles
 e - 8 poisoned needles
 f - 2 curare-tipped needles
Armour
 c - a +0 robe (worn)
 d - a +0 cloak (worn)
Jewellery
 o - a +3 ring of dexterity (left hand)
Scrolls
 h - a scroll of enchant armour {unknown}
 i - a scroll of amnesia {unknown}
 l - a scroll of blinking {unknown}
 m - 2 scrolls of remove curse {unknown}
Potions
 j - a potion of curing {unknown}
 k - a potion of ambrosia {unknown}
 n - a potion of magic {unknown}
Comestibles
 g - 2 rations


   Skills:
 + Level 2.1 Fighting
 + Level 3.0 Short Blades
 + Level 2.2 Throwing
 + Level 1.7 Dodging
 + Level 4.8 Stealth


You had 2 spell levels left.
You didn't know any spells.
Your spell library was empty.

Dungeon Overview and Level Annotations

Branches:
Dungeon (2/15)

Altars:


Innate Abilities, Weirdness & Mutations

You are small and have problems with some larger weapons.
You are somewhat resistant to further mutation.


Message History

The worm misses you.
You hit the worm.
The worm is heavily wounded.
You hit the worm.
The worm is severely wounded.
The worm misses you.
You completely miss the worm.
The worm is severely wounded.
You hit the worm.
The worm is almost dead.
The worm bites you.
You hit the worm.
The worm is almost dead.
The worm bites you!
You hit the worm.
The worm is almost dead.
You hit the worm but do no damage.
The worm is almost dead.
The worm bites you!
You die...

##.####..#.#.# .......
#..........#.#.#
......w.##.##.......#.#.#
#...................#.#.##
#.......##.## #.........##
#...........# #.......####
#.......##..# #[..).......
#.%....##..# #....######.
#.....ww@(.# #.........#.
#.....(###.###...#####.#.
#...$..# #.#.....#####.#.
#......# #.#.#.........#.
#......# #.#.#.#.#######.
######## #.#.#.#.# .#
#.#.###.# #...# #.# #####
#.#


You could see a worm and a dart slug.

Vanquished Creatures
  2 worms (D:2)
  A ball python (D:2)
  2 giant cockroaches (D:1)
  A hobgoblin (D:2)
  2 jackals (D:1)
  3 kobolds (D:2)
  A quokka (D:2)
  7 bats
  4 frilled lizards
  5 goblins
28 creatures vanquished.

Notes
Turn   | Place    | Note
-------+----------+-------------------------------------------
     0 | D:1      | Borgoz the Halfling Assassin began the quest for the Orb.
     0 | D:1      | Reached XP level 1. HP: 14/14 MP: 1/1
   114 | D:1      | Reached XP level 2. HP: 19/19 MP: 2/2
   579 | D:2      | Reached XP level 3. HP: 21/24 MP: 3/3
   937 | D:2      | HP: 1/24 [worm (11)]
  1278 | D:2      | Slain by a worm

Vault maps used:
D:1:      psy_arrival_heroes

Skill      XL: |  1  2  3 |
---------------+----------+-----
Fighting       | 2 |  2.1
Short Blades   | 3 |  3.0
Throwing       | |  2.2
Dodging        | |  1.7
Stealth        | |  4.8

Action                   || total
-------------------------++-------
Melee: Dagger            ||   113
 Fire: Blowgun           ||    14
 Stab: Sleeping          ||     5
  Eat: Chunk             ||     1
Armor: Robe              ||    36
Dodge: Dodged            ||   114

Table legend:
 A = Non-vault XP
 B = Vault XP
 C = Vault XP percentage of total XP
 D = Non-vault monster count
 E = Vault monster count
 F = Vault count percentage of total count
                 A         B        C        D         E       F
            +---------+---------+-------+---------+---------+-------
      Total |      51 |       0 |   0.0 |      28 |       0 |   0.0
            +---------+---------+-------+---------+---------+-------
        D:1 |      22 |       0 |   0.0 |      13 |       0 |   0.0
        D:2 |      29 |       0 |   0.0 |      15 |       0 |   0.0
            +---------+---------+-------+---------+---------+-------
